 Dungeon Crawl Stone Soup version 0.28-b1-25-g9875b3fc8c (webtiles) character file.

Game seed: 7980518908152132519

2875 tilp the Basher (level 9, 0/103 HPs)
             Began as a Demonspawn Gladiator on Feb 5, 2022.
             Was an Initiate of Gozag.
             Succumbed to a killer bee's poison
             ... on level 8 of the Dungeon.
             The game lasted 00:09:41 (9060 turns).

tilp the Basher (Demonspawn Gladiator)              Turns: 9060, Time: 00:09:41

Health: 0/103      AC: 24    Str: 24    XL:     9   Next: 47%
Magic:  9/9        EV:  2    Int:  9    God:    Gozag
Gold:   87         SH: 13    Dex: 16    Spells: 8/8 levels left

rFire   . . .      SeeInvis .   a - +0 flail (freeze)
rCold   + + .      Faith    .   u - +0 kite shield
rNeg    . . .      Spirit   .   (armour currently unavailable)
rPois   +          Reflect  .   (helmet currently unavailable)
rElec   +          Harm     .   (cloak currently unavailable)
rCorr   +          Rampage  .   (gloves currently unavailable)
Will    .....      NoTele   +   (boots currently unavailable)
Stlth   ++........              B - amulet of regeneration
HPRegen 1.07/turn               o - +6 ring of strength
MPRegen 0.11/turn               A - ring of ice

@: mighty, lethally poisoned (0 -> -2), tree-form, resistant, gold aura,
invisible
A: stationary, stasis, torment immunity, boosted hp, (slimy green scales 2),
condensation shield, (demonic touch 1), (sturdy frame 1)
a: Renounce Religion, Potion Petition, Call Merchant, Bribe Branch


You were on level 8 of the Dungeon.
You worshipped Gozag.
Gozag was noncommittal.
You were a tree.
You visited 1 branch of the dungeon, and saw 8 of its levels.

You collected 646 gold pieces.
You paid 559 gold pieces to Gozag.

Inventory:

Hand Weapons
 a - a +0 flail of freezing (weapon)
Missiles
 d - 3 throwing nets
 f - 166 stones (quivered)
 i - 5 curare-tipped darts
 k - 9 javelins
 q - 7 poisoned darts
Armour
 c - a +2 helmet (melded)
 e - +0 fire dragon scales (melded)
 g - a +0 ring mail
 j - a +0 chain mail
 u - a +0 kite shield (worn)
Jewellery
 o - a +6 ring of strength (left branch)
 A - a ring of ice (right branch)
 B - an amulet of regeneration (around neck)
Wands
 x - a wand of flame (12)
 y - a wand of polymorph (5)
Scrolls
 h - a scroll of fear
 v - a scroll of blinking {unknown}
 w - a scroll of magic mapping
Potions
 b - 2 potions of attraction
 l - a potion of mutation
 n - a potion of berserk rage {unknown}
 p - 2 potions of lignification
 t - a potion of flight
Miscellaneous
 r - a piece from Xom's chessboard (15/15)


   Skills:
 - Level 6.0 Fighting
 + Level 9.5 Maces & Flails
 - Level 1.7 Throwing
 - Level 2.0 Armour
 - Level 4.0 Dodging
 - Level 2.0 Stealth
 - Level 4.0 Shields


You had 8 spell levels left.
You didn't know any spells.
Your spell library contained the following spells:

 Spells                   Type           Power      Damage    Failure   Level
 Sting                    Tmut/Pois      0%         1d3       77%         1
 Poisonous Vapours        Pois/Air       0%         N/A       88%         2
 Anguish                  Hex/Necr       0%         N/A       100%        4
 Olgreb's Toxic Radiance  Pois           0%         N/A       100%        4
 Silence                  Hex/Air        0%         N/A       100%        5
 Borgnjor's Revivificati  Necr           0%         N/A       100%        8


Dungeon Overview and Level Annotations

Branches:
Dungeon (8/15)             Temple (0/1) D:7
   Lair: D:8-11

Altars:
Ashenzari
Gozag
Hepliaklqana
Okawaru
Vehumet
Xom
Yredelemnul
Zin

Shops:
D:4 :

Annotations:
D:3 2 runed translucent doors, Crazy Yiuf; tv1990's ghost, amateur FoMo
D:4 3 runed translucent doors, trm's ghost, amateur OpVM
D:8 Grum


Innate Abilities, Weirdness & Mutations

You are a tree.
Your roots penetrate the ground, keeping you stationary.
You cannot be teleported.
You are immune to unholy pain and torment.
Your maximum health is greatly increased.
Your equipment is partially melded.
((You are mostly covered in slimy green scales. (AC +3)))
A meltable shield of frost defends you. (SH +4)
((Your touch may inflict minor irresistible damage on your foes.))
((Your movements are slightly less encumbered by armour. (ER -2)))


Message History

The wolf bites you.
* * * LOW HITPOINT WARNING * * *
Grum is distracted by your dazzling golden aura.
Unknown command.
You feel better.
The centaur is no longer distracted by gold.
You block the wolf's attack.
The centaur hits you with a +3 hand axe.
* * * LOW HITPOINT WARNING * * *
The centaur kicks you but does no damage.
You block the wolf's attack.
The centaur hits you but does no damage.
The centaur kicks you but does no damage.
You sock the centaur! You freeze the centaur.
The centaur is heavily wounded.
Grum is no longer distracted by gold.
You block the wolf's attack.
The killer bee stings you but does no damage.
The centaur drinks a potion.
The centaur is healed!
The wolf bites you but does no damage.
Unknown command.
You catch the helpless centaur completely off-guard!
You bludgeon the centaur!! You freeze the centaur!
You kill the centaur!
The wolf bites you but does no damage. The killer bee stings you.
* * * LOW HITPOINT WARNING * * *
You are poisoned.
The killer bee poisons you! The wolf bites you but does no damage.
You block the killer bee's attack.
You sock the killer bee! You freeze the killer bee.
The killer bee is severely wounded.
You feel very sick.
The wolf is no longer distracted by gold.
You block the killer bee's attack. The wolf bites you.
* * * LOW HITPOINT WARNING * * *
The killer bee is distracted by your dazzling golden aura.
The wolf bites you but does no damage.
It was a potion of might.
You feel mightier all of a sudden.
You die...
Your body crumbles into a pile of gold.

#........'.#.###...# 'y
####.....#.#...#.### #y
###..)..#.#.#...# # #.
#..####.#.###.# #.#. #
#....##.#.#...# ..#'#### .#
#.##....#.#...# ..#
....#y###.#...'y$h.....######
##.#.#.#.#.#..#h..#....####
...##.#$#.##...g..#.##....#
.# ##.#c###.###..#.....#.# .
#Z#.#.##.###..#..#..#.#
#.#.#.#.#.#....#..#....#
..#.###.#..#....#..#.####
....#####.....#..#..#.#


You could see Grum, 2 wolves and a killer bee (unaware).

Vanquished Creatures
  Prince Ribbit (D:5)
  3 steam dragons
  A water moccasin (D:6)
  2 ice beasts
  A necrophage (D:7)
  A wolf (D:8)
  4 centaurs
  A phantom (D:5)
  A kobold brigand (D:8)
  A bullfrog (D:8)
  2 scorpions
  A wyvern zombie (D:7)
  A water moccasin zombie (D:5)
  2 water moccasin skeletons
  8 killer bees (D:8)
  A wight (D:8)
  A howler monkey (D:4)
  3 jellies
  2 orc priests (D:7)
  2 hounds
  A centaur skeleton (D:7)
  2 iguanas
  2 orc wizards
  2 hound skeletons (D:5)
  3 gnolls (D:5)
  7 adders
  A howler monkey skeleton (D:7)
  An ufetubus (D:6)
  A dart slug (D:3)
  7 orcs
  4 endoplasms
  4 giant cockroaches
  8 goblins
  5 hobgoblins
  4 jackals (D:3)
  3 quokkas
  10 ball pythons
  7 bats
  13 kobolds
  5 rats
129 creatures vanquished.

Vanquished Creatures (others)
  An orc wizard (D:8)
  A fungus (D:4)
  3 plants (D:4)
5 creatures vanquished.

Grand Total: 134 creatures vanquished

Notes
Turn   | Place    | Note
-------+----------+-------------------------------------------
     0 | D:1      | tilp the Demonspawn Gladiator began the quest for the Orb.
     0 | D:1      | Reached XP level 1. HP: 16/16 MP: 1/1
   202 | D:1      | Reached skill level 3 in Maces & Flails
   218 | D:1      | Found a faded altar of an unknown god.
   237 | D:1      | Gained mutation: A meltable shield of frost defends you.
                  | (SH +4) [demonic ancestry]
   237 | D:1      | Reached XP level 2. HP: 2/22 MP: 2/2
  1778 | D:2      | Reached XP level 3. HP: 27/27 MP: 3/3
  1784 | D:2      | Reached skill level 4 in Maces & Flails
  2630 | D:3      | Found a basalt altar of Yredelemnul.
  2700 | D:3      | Found a runed translucent door.
  3161 | D:3      | Reached XP level 4. HP: 33/33 MP: 4/4
  3325 | D:3      | Noticed tv1990's ghost (amateur FoMo)
  3363 | D:3      | Found a runed translucent door.
  3364 | D:3      | Noticed Crazy Yiuf
  3616 | D:4      | Reached skill level 5 in Maces & Flails
  3737 | D:4      | Gained mutation: You are partially covered in slimy green
                  | scales. (AC +2) [demonic ancestry]
  3737 | D:4      | Reached XP level 5. HP: 25/38 MP: 5/5
  4367 | D:4      | Found a runed translucent gate.
  4368 | D:4      | Found a runed translucent gate.
  4369 | D:4      | Found a runed translucent gate.
  4369 | D:4      | Noticed trm's ghost (amateur OpVM)
  4433 | D:4      | Reached skill level 6 in Maces & Flails
  4621 | D:4      | Found Tomudecsuga's Book Shop.
  4639 | D:4      | Found a shimmering altar of Xom.
  5139 | D:5      | Entered Level 5 of the Dungeon
  5183 | D:5      | Reached XP level 6. HP: 27/44 MP: 6/6
  5418 | D:5      | Reached skill level 1 in Stealth
  5631 | D:5      | Reached skill level 1 in Armour
  5784 | D:5      | Noticed Prince Ribbit
  5796 | D:5      | Killed Prince Ribbit
  5797 | D:5      | Reached skill level 1 in Shields
  5797 | D:5      | Gained mutation: You are mostly covered in slimy green
                  | scales. (AC +3) [demonic ancestry]
  5797 | D:5      | Reached XP level 7. HP: 20/51 MP: 7/7
  6046 | D:5      | Found an opulent altar of Gozag.
  6081 | D:5      | Became a worshipper of Gozag Ym Sagoz the Greedy
  6647 | D:6      | Reached XP level 8. HP: 49/60 MP: 8/8
  6777 | D:6      | Reached skill level 7 in Maces & Flails
  7283 | D:6      | Found a hazy altar of Hepliaklqana.
  7283 | D:6      | Found a broken altar of Ashenzari.
  7284 | D:6      | Found an iron altar of Okawaru.
  7666 | D:7      | Found a staircase to the Ecumenical Temple.
  7989 | D:7      | Reached skill level 8 in Maces & Flails
  8158 | D:7      | Got the Grimoire of Unholy Rituals and Beguiling
  8447 | D:7      | Gained mutation: Your touch may inflict minor irresistible
                  | damage on your foes. [demonic ancestry]
  8447 | D:7      | Reached XP level 9. HP: 60/67 MP: 9/9
  8492 | D:7      | Found a radiant altar of Vehumet.
  8647 | D:8      | Reached skill level 5 in Fighting
  9010 | D:8      | Reached skill level 9 in Maces & Flails
  9034 | D:8      | Noticed Grum
  9049 | D:8      | HP: 3/69 [centaur/arrow (10)]
  9051 | D:8      | HP: 1/69 [wolf[Grum] (3)]
  9053 | D:8      | Gained mutation: Your movements are slightly less
                  | encumbered by armour. (ER -2) [potion of mutation]
  9059 | D:8      | HP: 1/103 [wolf[Grum] (5)]
  9060 | D:8      | Succumbed to a killer bee's poison

Illustrated notes

Levels and vault maps discovered:
D:1:      ncdulo_halloftheorcs, layout_basic,
          shapermc_ecumenical_altar_starsandcircs, chequers_avenue
D:2:      layout_basic, serial_forest, infiniplex_forest_lined_2,
          infiniplex_forest_zigzag_1, infiniplex_forest_diagonal,
          infiniplex_forest_clump_double, infiniplex_forest_end_double,
          infiniplex_forest_corner_1, infiniplex_forest_lined_2,
          infiniplex_forest_straight_2, infiniplex_forest_lined_3_way,
          minmay_hedge_maze
D:3:      layout_loops_cross, yredelemnul_altar_generic, ebering_ghost_sewer_d,
          uniq_crazy_yiuf_cottage
D:4:      layout_loops_corners, xom_butterflies, gammafunk_ghost_nasty_kobolds,
          serial_shops, nicolae_shop_window_shopping, guppyfry_early_lair_pool
D:5:      layout_basic, nicolae_gozag_cash_rules_everything_around_me,
          minmay_misc_feat_cross, uniq_prince_ribbit1
D:6:      layout_basic, gammafunk_temple_overflow_forgotten
D:7:      layout_loops_ring, zin_statuary, mainiacjoe_overflow_catwalk,
          minmay_temple_entry_proselytizer
D:8:      layout_basic, minmay_circle_x, uniq_grum

Skill      XL: |  1  2  3  4  5  6  7  8  9 |
---------------+----------------------------+-----
Maces & Flails | 3 4 5 6 8 9 |  9.5
Stealth        | 1 2 |  2.0
Armour         | 1 2 |  2.0
Dodging        | 3 4 |  4.0
Shields        | 1 2 4 |  4.0
Fighting       | 3 4 6 |  6.0
Throwing       | |  1.7

Action                   |  1- 3 |  4- 6 |  7- 9 || total
-------------------------+-------+-------+-------++-------
Melee: Flail             |   149 |   144 |   254 ||   547
       Punch             |     1 |     1 |       ||     2
Throw: Dart              |       |     2 |       ||     2
Invok: Potion Petition   |       |       |     1 ||     1
  Use: Scroll            |     5 |     4 |     5 ||    14
       Potion            |       |       |     6 ||     6
 Stab: Invisible         |       |       |     2 ||     2
Armor: Leather armour    |     6 |       |       ||     6
       Ring mail         |    34 |       |       ||    34
       Chain mail        |    55 |    57 |    52 ||   164
       Fire dragon scale |       |       |    73 ||    73
       Skin              |       |       |     9 ||     9
Dodge: Dodged            |   108 |    32 |    75 ||   215
Block: Other             |    30 |    14 |       ||    44
       Kite shield       |       |    28 |   219 ||   247
